 Dungeon Crawl Stone Soup version 0.31-a0-931-g7b59d4eb97 (webtiles) character file.

Game seed: 2790012211751224822

246 mortress the Ruffian (level 5, 0/44 (45) HPs)
             Began as a Draconian Shapeshifter on Oct 19, 2023.
             Was an Initiate of Qazlal.
             Slain by a wight
             ... wielding a +3 halberd
              (12 damage)
             ... on level 4 of the Dungeon.
             The game lasted 00:05:29 (2428 turns).

mortress the Ruffian (Draconian Shapeshifter)       Turns: 2428, Time: 00:05:29

HP:   0/44 (45)     AC:  5    Str: 18    XL:     5   Next: 84%
MP:   6/6           EV: 12    Int: 10    God:    Qazlal [......]
Gold: 157           SH:  0    Dex: 11    Spells: 4/4 levels left

rFire   . .          .
                       - Unarmed
rCold   . . .        (no shield)
rNeg    . . .        (body armour unavailable)
rPois   .            (helmet currently unavailable)
rElec   .            (cloak currently unavailable)
rCorr   .            (gloves currently unavailable)
SInv    .            (boots currently unavailable)
Will    .....        (no amulet)
Stlth   +            (no ring)
HPRegen 0.27/turn    (no ring)
MPRegen 0.10/turn

%: no passive effects
@: beast-form, lightly drained
A: beast (slay +2), AC +5, unfitting armour, cold-blooded
a: Begin Untransformation, Renounce Religion


You were on level 4 of the Dungeon.
You worshipped Qazlal.
Qazlal was noncommittal.
You were a hulking beast.
You visited 1 branch of the dungeon, and saw 4 of its levels.

You collected 157 gold pieces.

Inventory:

Missiles
 k - 9 poisoned darts
 l - 2 throwing nets
 n - 3 boomerangs
Armour
 h - a scarf of invisibility
Jewellery
 g - a ring of fire
 t - a ring of poison resistance
Talismans
 b - a beast talisman (active)
 c - a flux talisman
Scrolls
 d - 5 scrolls of fog {unknown}
 e - 3 scrolls of poison {unknown}
 f - 4 scrolls of identify {unknown}
 o - a scroll of immolation {unknown}
 p - a scroll of vulnerability {unknown}
 q - a scroll of enchant weapon {unknown}
Potions
 a - 3 potions of lignification
 i - a potion of invisibility {unknown}
 j - 3 potions of curing {unknown}
 m - a potion of brilliance {unknown}
 r - a potion of magic {unknown}
 s - a potion of haste {unknown}


   Skills:
 + Level 3.1 Fighting
 + Level 3.0 Dodging
 + Level 4.1 Unarmed Combat
 + Level 1.3 Invocations
 + Level 4.0 Shapeshifting


You had 4 spell levels left.
You didn't know any spells.
Your spell library was empty.

Dungeon Overview and Level Annotations

Branches:
Dungeon (4/15)
 Temple: D:4-7

Altars:
Gozag
Qazlal
Uskayaw


Innate Abilities, Weirdness & Mutations

You are a hulking beast.
Your limbs bulge with bestial killing power. (Slay +2)
Your plain brown scales are hard. (AC +5)
You cannot fit into any form of body armour.
You are cold-blooded and may be slowed by cold attacks.


Message History

You see here a hound corpse.
Magic restored.
j - 3 ruby potions (gained 1)
A wight comes into view. It is wielding a +3 halberd.
The wight moves out of view. 2 wights come into view.
There are monsters nearby!
A ball python comes into view.
The wight attacks as it pursues you! The wight closely misses you.
You closely miss the ball python. The ball python barely misses you.
The ball python closely misses you. The wight misses you.
The ball python bites you but does no damage.
The ball python barely misses you.
You closely miss the ball python.
The ball python bites you but does no damage.
The ball python closely misses you.
You hit the ball python.
You kill the ball python!
Qazlal accepts your kill.
You barely miss the wight. Your punch misses the wight.
The wight hits you with a +3 halberd.
You hit the wight but do no damage.
You tail-slap the wight, but do no damage.
The wight barely misses you.
You hit the wight. You tail-slap the wight. Your punch misses the wight.
The wight is heavily damaged.
You closely miss the wight.
The wight is heavily damaged.
The wight hits you with a +3 halberd.
You hit the wight.
The wight is severely damaged.
The wight hits you with a +0 flail! The wight hits you with a +3 halberd!
You are too injured to fight recklessly!
You are too injured to fight recklessly!
The wight attacks as it pursues you! The wight hits you with a +0 flail.
* * * LOW HITPOINT WARNING * * *
You feel drained.
* * * LOW HITPOINT WARNING * * *
The wight hits you from afar with a +3 halberd!
You die...

..#..##..........
#.#..##........8.
#....#.)....#....
#...##.##...#....
###...#...##.#..##.
...#####.#..##†####.#.....
........z#.##.............
.......#z#.#............>.
..#.##.#.h................
# #.....#..............
.........#..........####
......#.####........## .
#######.. #........# # ..#
##.......# .... #......##
....# #.......


You could see 2 wights.

Vanquished Creatures
  A scorpion (D:4)
  A hound (D:4)
  An iguana (D:4)
  5 adders
  4 dart slugs
  4 orcs (D:3)
  6 ball pythons
  7 bats
  5 endoplasms
  7 giant cockroaches
  5 goblins
  10 hobgoblins
  2 quokkas
  2 frilled lizards (D:1)
  7 kobolds
  7 rats
74 creatures vanquished.

Notes
Turn   | Place    | Note
-------+----------+-------------------------------------------
     0 | D:1      | mortress the Draconian Shapeshifter began the quest for the
                  | Orb.
     0 | D:1      | Reached XP level 1. HP: 16/16 MP: 1/1
   185 | D:1      | Reached XP level 2. HP: 22/23 MP: 2/2
   574 | D:2      | Reached XP level 3. HP: 29/29 MP: 3/3
  1446 | D:3      | Reached XP level 4. HP: 27/36 MP: 4/4
  1551 | D:3      | Found an opulent altar of Gozag.
  1641 | D:3      | Found a stormy altar of Qazlal.
  1648 | D:3      | Became a worshipper of Qazlal Stormbringer
  1733 | D:3      | Found a faded altar of an unknown god.
  2096 | D:4      | Reached XP level 5. HP: 9/42 MP: 5/5
  2237 | D:4      | Found a hide-covered altar of Uskayaw.
  2258 | D:4      | Reached skill level 1 in Invocations
  2428 | D:4      | Slain by a wight

Illustrated notes

Levels and vault maps discovered:
D:1:      lemuel_arrival_broad_hall, layout_rooms
D:2:      layout_basic
D:3:      layout_loops_ring, mainiacjoe_overflow_24_doors, lemuel_crystal_altar,
          hellmonk_ecumenical_altar_pennies_from_heaven
D:4:      layout_cave_pools, nicolae_hepliaklqana_hippocampus,
          nicolae_uskayaw_dance_hall

Skill      XL: |  1  2  3  4  5 |
---------------+----------------+-----
Dodging        | 2 3 |  3.0
Fighting       | 2 3 |  3.1
Unarmed Combat | 4 |  4.1
Invocations    | 1 |  1.3
Shapeshifting  | 4 |  4.0

Action                     |  1- 3 |  4- 6 || total
---------------------------+-------+-------++-------
  Melee: Unarmed           |   104 |   101 ||   205
         Tailslap          |    10 |    17 ||    27
         Punch             |     3 |     2 ||     5
   Stab: Sleeping          |       |     2 ||     2
 Armour: Skin              |    42 |    53 ||    95
  Dodge: Dodged            |    78 |    57 ||   135

Table legend: (Time is in decaauts)
 A = Elapsed time spent in this place.
 B = Non-inter-level travel time spent in this place.
 C = Inter-level travel time spent in this place.
 D = Time resting spent in this place.
 E = Time spent auto-exploring this place.
 F = Levels seen in this place.
 G = Mean time per level.
                   A        B        C        D        E       F      G
               +--------+--------+--------+--------+--------+-----+--------+
         Total |   2416 |   2369 |     47 |    183 |   1705 |   4 |  604.0 |
       Dungeon |   2416 |   2369 |     47 |    183 |   1705 |   4 |  604.0 |
               +--------+--------+--------+--------+--------+-----+--------+

Top non-repeatable levels by time:
     D:2: 882 daAuts
     D:3: 723 daAuts
     D:1: 452 daAuts
     D:4: 358 daAuts
